Map: At Eternity's Edge LE

Players

Harstem

  • Race: Protoss Protoss
  • League: Grandmaster
  • Spawn Location: 5:00

Cellsidus - Winner!

  • Race: Zerg Zerg
  • League: Grandmaster
  • Spawn Location: 11:00

Event: HomeStory Cup XXIX

VOD

Have the link to the VOD?

Description

Time

  • Played on: July 4, 2026, 6:17 a.m.
  • Length: 3:59

All games in this series

Show
View Real Time Build Order
Export as new Build Order

Harstem Protoss 

Build Orders: 1 Gate Expand 

Get SALT Encoding   

  8  0:00  Probe (Chrono Boost)  
  9  0:12  Probe (Chrono Boost)  
  10  0:19  Probe (Chrono Boost)  
  11  0:26  Probe  
  12  0:33  Pylon  
  12  0:38  Probe  
  13  0:51  Probe  
  13  0:56  Gateway  
  14  1:03  Probe  
  15  1:11  Pylon  
  15  1:15  Probe  
  16  1:27  Probe  
  17  1:42  Nexus  
  17  1:47  Assimilator  
  17  1:57  Cybernetics Core  
  17  2:02  Probe  
  17  2:07  Assimilator  
  18  2:14  Probe  
  19  2:16  Pylon  
  19  2:26  Probe  
  20  2:31  Adept (Chrono Boost)  
  22  2:38  Probe  
  23  2:51  Probe  
  27  3:00  Stargate  
  27  3:01  Probe  
  27  3:04  Stalker (Chrono Boost)  
  27  3:06  Probe  
  30  3:21  Shield Battery  
  30  3:24  Pylon  
  28  3:34  Pylon  
  28  3:36  Pylon  
Show
View Real Time Build Order
Export as new Build Order

Cellsidus Zerg - Winner!

Build Orders: Hatch First 

Get SALT Encoding   

  8  0:00  Drone  
  9  0:10  Drone  
  10  0:16  Drone  
  11  0:22  Drone  
  12  0:32  Overlord  
  12  0:39  Extractor, Drone  
  13  0:51  Drone x2  
  15  1:01  Drone  
  16  1:17  Drone  
  16  1:18  Hatchery  
  16  1:22  Drone  
  17  1:26  Extractor  
  16  1:38  Spawning Pool  
  15  1:41  Drone  
  15  1:45  Drone  
  17  1:50  Drone  
  18  2:01  Drone  
  19  2:09  Overlord  
  19  2:25  Zergling x2  
  19  2:27  Metabolic Boost  
  19  2:29  Zergling x2, Queen  
  21  2:31  Zergling x2  
  24  2:40  Zergling x4  
  26  2:53  Zergling x4  
  28  3:00  Zergling x2  
  28  3:01  Zergling x2  
  30  3:11  Zergling x4  
Tags
 
Add a new tag
Caveats
  • Supply blocks, unpowered buildings, or Contaminate may cause inaccurate times.
  • Supply counts are checked every 10 seconds.